 Dungeon Crawl Stone Soup version 0.27-a0-604-g29a88b33a7 (webtiles) character file.

Game seed: 5012652995346625127

361 robertstho the Conjurer (level 6, -15/45 HPs)
             Began as a Demigod Conjurer on Mar 12, 2021.
             Demolished by a two-headed ogre
             ... wielding a +0 giant club
              (22 damage)
             ... on level 5 of the Dungeon.
             The game lasted 00:06:24 (4622 turns).

robertstho the Conjurer (Demigod Conjurer)          Turns: 4622, Time: 00:06:24

Health: -15/45     AC:  5    Str:  8    XL:     6   Next: 15%
Magic:  6/14       EV: 12    Int: 28    God:
Gold:   130        SH:  0    Dex: 12    Spells: 6/12 levels left

rFire    . . .     SeeInvis .   c - +0 dagger
rCold    . . .     Faith    .   (no shield)
rNeg     . . .     Spirit   .   a - +0 robe
rPois    .         Reflect  .   n - +0 helmet
rElec    .         Harm     .   r - +0 cloak
rCorr    .         Rampage  .   e - +0 pair of gloves
Will     .....                  (no boots)
Stlth    ++........             (no amulet)
HPRegen  0.15/turn              (no ring)
MPRegen  0.14/turn              (no ring)

@: no status effects
A: high mp 1, forlorn
a: no special abilities


You were on level 5 of the Dungeon.
You visited 1 branch of the dungeon, and saw 5 of its levels.

You collected 130 gold pieces.

Inventory:

Hand Weapons
 c - a +0 dagger (weapon)
Armour
 a - a +0 robe (worn)
 e - a +0 pair of gloves (worn)
 n - a +0 helmet (worn)
 r - a +0 cloak (worn)
Wands
 o - a wand of iceblast (8)
 q - a wand of acid (3)
Scrolls
 d - a scroll of immolation {unknown}
 f - 2 scrolls of enchant weapon {unknown}
 j - a scroll of enchant armour {unknown}
 m - a scroll of fear
 p - 3 scrolls of teleportation {unknown}
 t - a scroll of identify
 u - a scroll of vulnerability {unknown}
Potions
 b - a potion of might {unknown}
 g - 3 potions of haste
 h - 4 potions of ambrosia
 i - 4 potions of curing {unknown}
 k - 4 potions of heal wounds {unknown}
 l - a potion of mutation {unknown}
 s - a potion of invisibility {unknown}


   Skills:
 + Level 0.3 Fighting
 + Level 0.1 Short Blades
 + Level 2.1 Dodging
 + Level 3.0 Stealth
 * Level 3.6 Spellcasting
 * Level 5.4 Conjurations


You had 6 spell levels left.
You knew the following spells:

 Your Spells              Type           Power      Damage    Failure   Level
a - Magic Dart            Conj           100%       1d8       1%          1
b - Searing Ray           Conj           70%        3d5       1%          2
c - Dazzling Flash        Conj/Hex       40%        N/A       8%          3

Your spell library contained the following spells:

 Spells                   Type           Power      Damage    Failure   Level
 Fulminant Prism          Conj/Hex       10%        3d9       26%         4
 Iskenderun's Mystic Bla  Conj/Tloc      20%        2d6       26%         4


Dungeon Overview and Level Annotations

Branches:
Dungeon (5/15)
 Temple: D:4-7

Annotations:
D:4 exclusion: oklob plant


Innate Abilities, Weirdness & Mutations

Your attributes grow dramatically as you level up.
You have an increased reservoir of magic. (+10% MP)
You shall have no god before yourself.


Message History

There is an open door here.
Found a stone staircase leading up.
h - 4 potions of ambrosia (gained 3)
k - 4 sapphire potions (gained 1)
You open the door.
There is an open door here.
There is an open door here.
A two-headed ogre comes into view. It is wielding two +0 giant clubs.
A two-headed ogre is nearby!
Casting: Searing Ray (safe; 1% risk of failure)
Confirm with . or Enter, or press ? or * to list all spells.
Aiming: Searing Ray (safe; 1% risk of failure)
Press: ? - help, Shift-Dir - straight line, f - two-headed ogre
Aim: a two-headed ogre, wielding two +0 giant clubs (asleep, 0% to evade)
The searing ray hits the two-headed ogre!
The two-headed ogre is lightly wounded.
The two-headed ogre shouts in stereo! (Press . to maintain the ray.)
The searing ray hits the two-headed ogre.
The two-headed ogre is moderately wounded.
The searing ray hits the two-headed ogre!
The two-headed ogre is heavily wounded.
The searing ray hits the two-headed ogre!
The two-headed ogre is heavily wounded.
You finish channeling your searing ray.
The two-headed ogre hits you with a +0 giant club!!
The two-headed ogre hits you with a +0 giant club!
* * * LOW HITPOINT WARNING * * *
Unknown command.
Casting: Searing Ray (safe; 1% risk of failure)
Confirm with . or Enter, or press ? or * to list all spells.
Aiming: Searing Ray (safe; 1% risk of failure)
Press: ? - help, Shift-Dir - straight line, f/p - two-headed ogre
Aim: a two-headed ogre, wielding two +0 giant clubs (heavily wounded, 9% to evade)
The searing ray hits the two-headed ogre!
The two-headed ogre is almost dead. (Press . to maintain the ray.)
The searing ray misses the two-headed ogre.
The two-headed ogre hits you with a +0 giant club!!
You die...

##### #...# #.#.#
#####'#.# #.......#
#...<...#
##########.......#####
................@O...#
###########.#..#.###.#
########..#.#.........
.....)................
..........#.........#
###.......#.#.#.....#
..#.....#.#.#.......#
..#<....#.#.#####.#.#
..###'###.#.. ..#


You could see a two-headed ogre.

Vanquished Creatures
  A scorpion (D:4)
  A hound (D:4)
  An iguana (D:4)
  2 orc wizards (D:4)
  A worker ant (D:4)
  6 adders
  A shadow imp (D:4)
  An ooze (D:2)
  3 worms
  2 dart slugs
  5 leopard geckos
  16 orcs
  5 giant cockroaches
  4 goblins
  7 jackals
  5 quokkas
  7 bats
  5 frilled lizards
  8 kobolds
  A leopard gecko skeleton (D:5)
  12 rats
94 creatures vanquished.

Notes
Turn   | Place    | Note
-------+----------+-------------------------------------------
     0 | D:1      | robertstho the Demigod Conjurer began the quest for the
                  | Orb.
     0 | D:1      | Reached XP level 1. HP: 14/14 MP: 5/5
   359 | D:1      | Reached skill level 4 in Conjurations
   480 | D:1      | Reached XP level 2. HP: 20/20 MP: 2/7
   534 | D:1      | You fall into a shaft and drop 1 floor!
   798 | D:1      | Learned a level 2 spell: Searing Ray
  1374 | D:2      | Reached XP level 3. HP: 26/26 MP: 5/8
  2279 | D:2      | Reached XP level 4. HP: 33/33 MP: 5/10
  2766 | D:2      | Learned a level 3 spell: Dazzling Flash
  3540 | D:4      | Reached XP level 5. HP: 38/38 MP: 7/12
  3598 | D:4      | Reached skill level 5 in Conjurations
  3716 | D:4      | Reached XP level 6. HP: 31/45 MP: 3/14
  3908 | D:4      | Noticed an oklob plant
  4479 | D:5      | Entered Level 5 of the Dungeon
  4615 | D:5      | Noticed a two-headed ogre
  4622 | D:5      | Demolished by a two-headed ogre

Illustrated notes

Levels and vault maps discovered:
D:1:      lemuel_arrival_river_passageway, layout_basic, st_stairs_6,
          chequers_serial_rivers_small_3
D:2:      layout_loops_ring, chequers_ecumenical_altar_simple_redux,
          minmay_distorted
D:3:      layout_basic
D:4:      layout_rooms, tgw_fedhas
D:5:      layout_basic, minmay_temple_entry_glassed_door,
          uniq_crazy_yiuf_cottage, uniq_sigmund

Skill      XL: |  1  2  3  4  5  6 |
---------------+-------------------+-----
Conjurations   | 4 5 |  5.4
Spellcasting   | 2 3 |  3.6
Stealth        | 2 3 |  3.0
Dodging        | 2 |  2.1
Fighting       | |  0.3
Short Blades   | |  0.1

Action                   |  1- 3 |  4- 6 || total
-------------------------+-------+-------++-------
Melee: Dagger            |    15 |    25 ||    40
 Cast: Magic Dart        |    64 |       ||    64
       Searing Ray       |     7 |    34 ||    41
  Use: Scroll            |     3 |       ||     3
 Stab: Sleeping          |     1 |     1 ||     2
Armor: Robe              |    11 |    12 ||    23
Dodge: Dodged            |    19 |    25 ||    44

Table legend: (Time is in decaauts)
 A = Elapsed time spent in this place.
 B = Non-inter-level travel time spent in this place.
 C = Inter-level travel time spent in this place.
 D = Time resting spent in this place.
 E = Time spent auto-exploring this place.
 F = Levels seen in this place.
 G = Mean time per level.
                   A        B        C        D        E       F      G
               +--------+--------+--------+--------+--------+-----+--------+
         Total |   4650 |   4485 |    165 |    424 |   3514 |   5 |  930.0 |
       Dungeon |   4650 |   4485 |    165 |    424 |   3514 |   5 |  930.0 |
               +--------+--------+--------+--------+--------+-----+--------+

Top non-repeatable levels by time:
     D:2: 1283 daAuts
     D:1: 1196 daAuts
     D:3: 1020 daAuts
     D:4: 1007 daAuts
     D:5: 142 daAuts
